 Dungeon Crawl Stone Soup version 0.31.0-12-g77e489cdc1 (webtiles) character file.

Game seed: 10189693778957393686

24353 lordive the Geomancer (level 13, -3/75 HPs)
             Began as a Gargoyle Earth Elementalist on Feb 28, 2024.
             Was a High Priest of Vehumet.
             Slain by a komodo dragon (24 damage)
             ... on level 2 of the Lair of Beasts.
             The game lasted 00:44:30 (14753 turns).

lordive the Geomancer (GrEE)                       Turns: 14753, Time: 00:44:30

Health: -3/75      AC: 16    Str: 14    XL:     13   Next: 12%
Magic:  13/35      EV: 13    Int: 25    God:    Vehumet [*****.]
Gold:   730        SH:  0    Dex: 10    Spells: 10/31 levels left

rFire   . . .        d - +2 dagger (elec)
rCold   . . .        J - orb {*channel}
rNeg    + . .        o - +0 troll leather armour {Pargi}
rPois   ∞            h - +0 helmet
rElec   +            (no cloak)
rCorr   .            (no gloves)
SInv    .            f - +0 pair of boots
Will    .....        (no amulet)
Stlth   ++           H - +6 ring of intelligence
HPRegen 1.12/turn    u - ring of magical power
MPRegen 0.24/turn

%: channel magic (20%)
@: studying Armour
A: sickness immunity, AC +9, negative energy resistance 1, electricity
resistance, torment resistance 1, petrification resistance
a: Renounce Religion


You were on level 2 of the Lair of Beasts.
You worshipped Vehumet.
Vehumet was extremely pleased with you.
You visited 3 branches of the dungeon, and saw 13 of its levels.
You also visited: Sewer and Bailey.

You collected 730 gold pieces.

Inventory:

Hand Weapons
 d - a +2 dagger of electrocution (weapon)
Missiles
 E - 4 throwing nets
 P - a curare-tipped dart
Armour
 a - a +0 robe
 f - a +0 pair of boots (worn)
 h - a +0 helmet (worn)
 o - a +0 troll leather armour (worn) {Pargi}
 J - an orb of energy (worn)
Jewellery
 g - a +4 ring of slaying
 u - a ring of magical power (right hand)
 x - an amulet of guardian spirit
 H - a +6 ring of intelligence (left hand)
 Q - a ring of flight
Wands
 r - a wand of flame (59)
 z - a wand of paralysis (9)
 M - a wand of quicksilver (8)
 O - a wand of roots (5)
Scrolls
 l - 5 scrolls of teleportation
 m - 3 scrolls of immolation
 p - a scroll of poison {unknown}
 q - 3 scrolls of enchant armour {unknown}
 v - 4 scrolls of torment {unknown}
 w - 2 scrolls of revelation {unknown}
 y - a scroll of amnesia {unknown}
 B - a scroll of vulnerability {unknown}
 D - 3 scrolls of fear {unknown}
 I - 7 scrolls of fog {unknown}
 K - a scroll of blinking {unknown}
 L - a scroll of enchant weapon {unknown}
 R - 2 scrolls of identify
 S - a scroll of brand weapon {unknown}
Potions
 b - 2 potions of magic
 c - 8 potions of heal wounds
 e - 2 potions of haste
 i - 2 potions of invisibility
 j - a potion of brilliance
 k - a potion of enlightenment
 n - a potion of resistance
 s - 2 potions of cancellation
 t - a potion of experience
 A - 4 potions of curing
 C - 5 potions of mutation
 F - a potion of might
 G - 2 potions of ambrosia
 N - a potion of lignification


   Skills:
 * Level 6.5 Fighting
 * Level 8.8 Armour
 * Level 6.8 Dodging
 - Level 2.3 Stealth
 + Level 9.9 Spellcasting
 + Level 10.2 Conjurations
 * Level 6.0 Fire Magic
 * Level 12.6 Earth Magic
 + Level 0.4 Alchemy


You had 10 spell levels left.
You knew the following spells:

 Your Spells              Type           Power      Damage    Failure   Level
a - Sandblast             Erth           100%       2d20      1%          1
b - Stone Arrow           Conj/Erth      100%       3d13      1%          3
c - Searing Ray           Conj           100%       2d8       1%          2
d - Scorch                Fire           84%        2d8       1%          2
e - Fulminant Prism       Conj/Alch      19%        3d10      4%          4
f - Brom's Barrelling Bo  Conj/Erth      62%        2d8       1%          4
g - Lee's Rapid Deconstr  Erth           33%        3d17*     1%          5

Your spell library contained the following spells:

 Spells                   Type           Power      Damage    Failure   Level
 Freezing Cloud           Conj/Ice/Air   14%        6-21      21%         5
 Kiss of Death            Conj/Necr      100%       2d13      1%          1
 Magic Dart               Conj           100%       1d8       1%          1
 Static Discharge         Conj/Air       76%        3-7/arc   1%          2
 Passwall                 Erth           66%        N/A       1%          3
 Dazzling Flash           Conj/Hex       76%        N/A       2%          3
 Volatile Blastmotes      Fire/Tloc      54%        2d14      4%          3
 Petrify                  Alch/Erth      45%        N/A       13%         4
 Necrotise                Necr           48%        1d6       17%         1
 Slow                     Hex            48%        N/A       17%         1
 Starburst                Conj/Fire      26%        6d8       17%         6
 Airstrike                Air            6%         2d(1-17)  28%         4
 Call Canine Familiar     Summ           12%        N/A       38%         3
 Confusing Touch          Hex            12%        N/A       38%         3
 Sigil of Binding         Hex            12%        N/A       38%         3
 Summon Ice Beast         Ice/Summ       12%        N/A       38%         3
 Vampiric Draining        Necr           12%        2d6       38%         3
 Dimensional Bullseye     Hex/Tloc       6%         N/A       73%         4
 Dispel Undead            Necr           12%        3d9       73%         4
 Summon Lightning Spire   Summ/Air       12%        N/A       73%         4
 Summon Mana Viper        Hex/Summ       12%        N/A       95%         5
 Monstrous Menagerie      Summ           6%         N/A       100%        7
 Maxwell's Capacitive Co  Air            6%         ∞         100%        8


Dungeon Overview and Level Annotations

Branches:
Dungeon (10/15)            Temple (1/1) D:6            Lair (2/5) D:10
  Sewer (visited)          Bailey (visited)
  Swamp: Lair:2-3    Shoals: Lair:2-3     Snake: Lair:2-3    Spider: Lair:2-3
    Orc: D:9-12

Altars:
Ashenzari
Cheibriados
Dithmenos
Elyvilon
Fedhas
Gozag
Hepliaklqana
Kikubaaqudgha
Makhleb
Nemelex Xobeh
Okawaru
Qazlal
Ru
Sif Muna
Trog
Uskayaw
Vehumet
Wu Jian
Xom
Yredelemnul
Zin
The Shining One
Jiyva

Shops:
D:5 [   D:8 (

Annotations:
D:4 3 runed translucent doors, hexenhour's ghost, amateur DECj
D:9 2 transporters


Innate Abilities, Weirdness & Mutations

You are immune to sickness and miasma.
Your stone body is resilient. (AC +9)
You are immune to poison.
You resist negative energy. (rN+)
You are resistant to electric shocks. (rElec)
You are resistant to unholy torment.
You are immune to petrification.


Message History

Casting: Searing Ray (safe; 1% risk of failure)
Confirm with . or Enter, or press ? or * to list all spells.
Aiming: Searing Ray (safe; 1% risk of failure)
Press: ? - help, Shift-Dir - straight line, f/p - komodo dragon
Aim: a komodo dragon (moderately wounded, 87% to hit)
The searing ray hits the komodo dragon.
The komodo dragon is heavily wounded. (Press . to maintain the ray.)
The komodo dragon barely misses you.
The searing ray hits the komodo dragon.
The komodo dragon is heavily wounded.
The komodo dragon completely misses you.
There are monsters nearby!
The searing ray hits the komodo dragon!
The komodo dragon is severely wounded.
The komodo dragon bites you!!
You hear a roar!
Unknown command.
The searing ray hits the komodo dragon.
The komodo dragon is severely wounded.
You finish channelling your searing ray.
The wyvern bites you. The komodo dragon bites you!
* * * LOW HITPOINT WARNING * * *
The wyvern bites you!
* * * LOW HITPOINT WARNING * * *
Unknown command.
Casting: Searing Ray (safe; 1% risk of failure)
Confirm with . or Enter, or press ? or * to list all spells.
Aiming: Fulminant Prism (dangerous; 4% risk of failure)
Press: ? - help, Dir - move target, p - komodo dragon You conjure a prism of explosive energy!
A fulminant prism comes into view.
The komodo dragon bites you!
* * * LOW HITPOINT WARNING * * *
The wyvern bites you.
* * * LOW HITPOINT WARNING * * *
You feel much better. The wyvern bites you.
* * * LOW HITPOINT WARNING * * *
The komodo dragon bites you!!
You die...

..#...# #..##...... ..#...#
#...##..... ..#...# #..PP##....
......# #### #....††.... #######
...♣♣#######.... #.♣ ....♣# #....
#.. ♣♣♣♣♣.....# #.... #..
♣.♣†♣l*..♣ #.... #.♣ ♣.♣@k..♣
#.... #.♣ ### ##'###### ♣♣ #....
#.♣ ♣♣.♣♣#...#♣♣.♣♣ ♣.♣ #....
#.♣♣♣♣♣♣...♣♣...♣♣...♣♣♣♣.♣♣#....
.†..†.......'<8>'.......♣........
#.♣♣♣♣♣♣...♣♣...♣♣...♣♣.♣...#....
#..♣♣ ♣♣.♣♣#...#♣♣.♣♣#.♣♣♣.#....
#..†♣♣ ### ##'## ### #♣.♣♣.#....
#.♣..♣# ♣♣♣♣♣.♣♣♣♣♣ ♣♣..♣#...÷


You could see a komodo dragon (ally target), a wyvern and a friendly fulminant
prism.

Vanquished Creatures
  An orc warlord (Bailey)
  Josephine (D:10)
  A hydra (Lair:2)
  3 two-headed ogres
  A death yak (Lair:2)
  Urug (Lair:1)
  An orc knight (Bailey)
  Pikel (D:8)
  2 black mambas (Lair:2)
  A merfolk siren (Lair:2)
  4 cane toads
  A kobold demonologist (D:9)
  A rime drake (Lair:2)
  A polar bear (Lair:2)
  A hornet (D:7)
  Prince Ribbit (D:8)
  6 blink frogs
  Grinder (D:6)
  38 yaks
  6 wraiths
  4 wyverns
  A shadow (D:6)
  A basilisk (D:10)
  Grum (D:8)
  2 steam dragons
  7 water moccasins
  2 black bears (D:10)
  An ice beast (D:8)
  Pargi (Sewer)
  A hornet zombie (D:7)
  7 orc warriors
  7 wolves
  2 ogres
  2 centaurs
  2 lemures (D:8)
  4 kobold brigands
  12 bullfrogs
  3 scorpions
  5 wights (D:8)
  9 killer bees
  4 electric eels
  2 howler monkeys
  2 centaur zombies (D:7)
  3 bombardier beetles
  8 orc priests
  10 hounds
  7 iguanas
  Natasha (thrice) (D:3)
  4 sleepcaps
  10 orc wizards
  2 killer bee zombies (D:7)
  2 howler monkey zombies (D:7)
  3 gnolls
  9 adders
  2 white imps (D:6)
  6 ufetubi
  2 dart slugs
  3 ribbon worms
  33 orcs
  5 bats
  7 endoplasms
  A giant cockroach (D:1)
  7 hobgoblins
  10 jackals
  30 kobolds
  10 ball pythons
  5 frilled lizards (D:1)
  6 goblins
  6 rats
349 creatures vanquished.

Vanquished Creatures (others)
  An orc wizard (D:10)
  A boulder (D:9)
  15 fulminant prisms
17 creatures vanquished.

Grand Total: 366 creatures vanquished

Notes
Turn   | Place    | Note
-------+----------+-------------------------------------------
     0 | D:1      | lordive the Gargoyle Earth Elementalist began the quest for
                  | the Orb.
     0 | D:1      | Reached XP level 1. HP: 10/10 MP: 3/3
     0 | D:1      | Noticed a minotaur
     4 | D:1      | Noticed a minotaur skeleton
     6 | D:1      | Noticed a minotaur
     8 | D:1      | Noticed a gargoyle
    11 | D:1      | Noticed an armataur
    15 | D:1      | Noticed a minotaur skeleton
    21 | D:1      | Noticed a spriggan
   265 | D:1      | Found a faded altar of an unknown god.
   267 | D:1      | Reached XP level 2. HP: 15/15 MP: 3/5
   307 | D:1      | Got Plato's Tome of Resurrection
   544 | D:1      | Reached skill level 4 in Earth Magic
   551 | D:1      | Reached XP level 3. HP: 9/19 MP: 1/6
  1319 | D:2      | You fall into a shaft and drop 1 floor!
  1434 | D:3      | Noticed a scorpion
  1441 | D:3      | Killed a scorpion
  1442 | D:3      | Reached XP level 4. HP: 24/24 MP: 3/8
  1446 | D:3      | Learned a level 3 spell: Stone Arrow
  1624 | D:3      | Found a glowing drain.
  1642 | D:3      | Reached XP level 5. HP: 28/28 MP: 3/9
  1647 | Sewer    | Entered a sewer
  1775 | Sewer    | Noticed Pargi
  1783 | Sewer    | Killed Pargi
  1784 | Sewer    | Reached skill level 5 in Earth Magic
  1971 | D:3      | Noticed Natasha
  1976 | D:3      | Killed Natasha
  1977 | D:3      | Reached XP level 6. HP: 32/32 MP: 6/11
  2076 | D:3      | Noticed Natasha
  2083 | D:3      | Killed Natasha
  2513 | D:3      | Noticed Natasha
  2517 | D:3      | Killed Natasha
  3499 | D:4      | Reached XP level 7. HP: 27/36 MP: 0/13
  3580 | D:4      | Reached skill level 6 in Earth Magic
  3690 | D:4      | Found a runed translucent gate.
  3694 | D:4      | Found a runed translucent gate.
  3696 | D:4      | Found a runed translucent gate.
  3698 | D:4      | Noticed hexenhour's ghost (amateur DECj)
  4241 | D:5      | Entered Level 5 of the Dungeon
  4738 | D:5      | Reached skill level 5 in Spellcasting
  4914 | D:5      | Found Ecuobrin's Antique Armour Boutique.
  5023 | D:5      | Reached skill level 7 in Earth Magic
  5075 | D:5      | Reached XP level 8. HP: 41/41 MP: 8/16
  5221 | D:5      | Learned a level 2 spell: Searing Ray
  5566 | D:6      | Noticed Grinder
  5569 | D:6      | Paralysed by Grinder for 5 turns
  5574 | D:6      | Killed Grinder
  5575 | D:6      | Reached skill level 5 in Conjurations
  5793 | D:6      | Found a staircase to the Ecumenical Temple.
  5852 | Temple   | Entered the Ecumenical Temple
  5867 | Temple   | Became a worshipper of Vehumet
  5971 | D:6      | Reached skill level 8 in Earth Magic
  6273 | D:6      | Reached skill level 1 in Armour
  6502 | D:6      | Reached XP level 9. HP: 24/46 MP: 15/18
  6915 | D:6      | Noticed a red ugly thing
  7113 | D:6      | Reached * piety under Vehumet
  7113 | D:6      | Offered knowledge of Foxfire by Vehumet.
  7221 | D:6      | Noticed a two-headed ogre
  7293 | D:7      | Noticed a hornet
  7298 | D:7      | Killed a hornet
  7299 | D:7      | Reached skill level 1 in Fighting
  7364 | D:7      | Identified the +12 long sword of Hard Scrabble {holy, rC-
                  | Str+5 Int+5}
  7391 | D:7      | Reached skill level 9 in Earth Magic
  7966 | D:7      | Found a basalt altar of Yredelemnul.
  8020 | D:7      | Offered knowledge of Scorch by Vehumet.
  8024 | D:7      | Learned a level 2 spell: Scorch
  8539 | D:8      | Reached XP level 10. HP: 52/52 MP: 20/20
  8577 | D:8      | Noticed Grum
  8588 | D:8      | Reached ** piety under Vehumet
  8589 | D:8      | Reached skill level 1 in Fire Magic
  8593 | D:8      | Killed Grum
  8771 | D:8      | Noticed Prince Ribbit
  8782 | D:8      | Killed Prince Ribbit
  9001 | D:8      | Found Suaxkush's Weapon Boutique.
  9007 | D:8      | Learned a level 4 spell: Fulminant Prism
  9123 | D:8      | Offered knowledge of Momentum Strike by Vehumet.
  9142 | D:8      | Reached *** piety under Vehumet
  9203 | D:8      | Noticed Pikel
  9223 | D:8      | Killed Pikel
  9429 | D:8      | Found a snail-covered altar of Cheibriados.
  9430 | D:8      | Found a white marble altar of Elyvilon.
  9568 | D:9      | Learned a level 4 spell: Brom's Barrelling Boulder
  9597 | D:9      | Reached XP level 11. HP: 55/60 MP: 22/22
  9598 | D:9      | Noticed a two-headed ogre
  9600 | D:9      | Noticed a two-headed ogre
  9698 | D:9      | Reached skill level 5 in Dodging
  9698 | D:9      | Reached skill level 10 in Earth Magic
  9794 | D:9      | Killed a two-headed ogre
  9795 | D:9      | Reached skill level 5 in Armour
  9839 | D:9      | Found a transporter.
 10071 | D:9      | Offered knowledge of Mephitic Cloud by Vehumet.
 10139 | D:9      | Found a bloodstained altar of Trog.
 10189 | D:9      | Killed a two-headed ogre
 10322 | D:9      | Noticed a great orb of eyes
 10325 | D:9      | Found a viscous altar of Jiyva.
 10326 | D:9      | Found a transporter.
 10488 | D:10     | Entered Level 10 of the Dungeon
 10527 | D:10     | Found a flagged portal.
 10777 | Bailey   | Entered a bailey
 10783 | Bailey   | Noticed an orc warlord
 10992 | Bailey   | Reached **** piety under Vehumet
 11037 | Bailey   | Found a runed translucent gate.
 11040 | Bailey   | Found a runed translucent gate.
 11042 | Bailey   | Found a runed translucent gate.
 11049 | Bailey   | Noticed an orc knight
 11060 | Bailey   | Killed an orc knight
 11344 | Bailey   | Offered knowledge of Lee's Rapid Deconstruction by Vehumet.
 11356 | Bailey   | Killed an orc warlord
 11841 | D:10     | Reached skill level 5 in Fighting
 11888 | D:10     | Reached skill level 11 in Earth Magic
 11980 | D:10     | Reached XP level 12. HP: 68/68 MP: 24/24
 12014 | D:10     | Found a staircase to the Lair.
 12189 | D:10     | Noticed a two-headed ogre
 12189 | D:10     | Noticed Josephine
 12221 | D:10     | Killed a two-headed ogre
 12328 | D:10     | Killed Josephine
 12672 | Lair:1   | Entered Level 1 of the Lair of Beasts
 12680 | Lair:1   | Reached skill level 10 in Conjurations
 12734 | Lair:1   | Reached skill level 5 in Fire Magic
 12793 | Lair:1   | Learned a level 5 spell: Lee's Rapid Deconstruction
 13022 | Lair:1   | Noticed Urug
 13035 | Lair:1   | Killed Urug
 13260 | Lair:1   | You fall into a shaft and drop 1 floor!
 14089 | Lair:2   | Reached ***** piety under Vehumet
 14146 | Lair:2   | Reached skill level 12 in Earth Magic
 14446 | Lair:2   | Offered knowledge of Freezing Cloud by Vehumet.
 14600 | Lair:2   | Noticed a death yak
 14600 | Lair:2   | Noticed an eight-headed hydra
 14610 | Lair:2   | Reached XP level 13. HP: 75/75 MP: 26/26
 14662 | Lair:2   | Identified the +4 short sword of Dullness {spect, MP+9
                  | Dex+2}
 14752 | Lair:2   | HP: 2/75 [komodo dragon (9)]
 14753 | Lair:2   | Slain by a komodo dragon

Illustrated notes

Levels and vault maps discovered:
D:1:      shiori_arrival_whats_in_store_for_you, layout_loops_ring,
          shapermc_ecumenical_altar_rom_forum, minmay_vboxes
D:2:      layout_rooms, serial_corexii_hall, chequers_hall_statues_corner_a,
          corexii_hall_statues_deadend
D:3:      layout_loops_corners, cheibrodos_sewer_entry_bend, uniq_natasha
D:4:      layout_cave_pods, ebering_ghost_rock_garden, minmay_bisected
D:5:      layout_basic, serial_shops, nicolae_shop_pleasant_corner_grove,
          cheibrodos_gnoll_hut
D:6:      kennysheep_windowed_halls, layout_basic,
          minmay_temple_entry_enclosed_plants,
          amcnicky_mini_rare_corridor_liquid, uniq_grinder
D:7:      layout_basic, nicolae_yredelemnul_corpse_copse
D:8:      layout_basic, minitemple, serial_shops, nicolae_stop_n_shop_1,
          kennysheep_windowed_goal, uniq_grum, uniq_prince_ribbit1, uniq_pikel
D:9:      gammafunk_jiyva_shrine, layout_small_grid, lemuel_round_altar,
          minmay_splitting_lines
D:10:     layout_basic, minmay_lair_entry_grove, enter_bailey_8,
          minmay_misc_feat_rugged, uniq_josephine
Temple:   eino_narrow_crystal_temple
Lair:1:   layout_roguey, serial_bayou_lagoon_a, nicolae_quartered_pool_medium,
          uniq_urug
Lair:2:   nzn_winding_woodlands_stair_cross [nzn_winding_woodlands_5x15_pockets,
          nzn_winding_woodlands_center_pierced_h,
          nzn_winding_woodlands_5x15_parted,
          nzn_winding_woodlands_5x5_open_star,
          nzn_winding_woodlands_5x5_default, nzn_winding_woodlands_5x15_default,
          nzn_winding_woodlands_center_triple_pond,
          nzn_winding_woodlands_5x15_crooked], layout_chaotic_city,
          elwin_shoals_entry_rooms, minivault_19, minmay_lair_oklob_items,
          serial_bayou_pond_b

Skill      XL: |  1  2  3  4  5  6  7  8  9 10 11 12 13 |
---------------+----------------------------------------+-----
Earth Magic    | 4 5 7 8 9 11 12 | 12.6
Conjurations   | 2 3 4 6 8 9 10 | 10.2
Spellcasting   | 3 4 5 6 7 8 9 |  9.9
Dodging        | 2 3 4 5 6 |  6.8
Armour         | 1 3 4 6 8 |  8.8
Fighting       | 1 3 5 6 |  6.5
Fire Magic     | 2 4 5 6 |  6.0
Stealth        | |  2.3
Alchemy        | |  0.4

Action                     |  1- 3 |  4- 6 |  7- 9 | 10-12 | 13-15 || total
---------------------------+-------+-------+-------+-------+-------++-------
  Melee: Unarmed           |     1 |       |       |       |       ||     1
         Dagger            |    13 |     2 |       |     3 |       ||    18
  Throw: Dart              |       |       |       |     2 |       ||     2
   Cast: Sandblast         |    43 |    51 |    28 |       |       ||   122
         Stone Arrow       |       |     6 |    86 |    61 |       ||   153
         Searing Ray       |       |       |    27 |   129 |    12 ||   168
         Fulminant Prism   |       |       |       |    12 |     4 ||    16
         Brom's Barrelling |       |       |       |     1 |       ||     1
         Lee's Rapid Decon |       |       |       |    18 |       ||    18
         Scorch            |       |       |       |     1 |       ||     1
    Use: Potion            |       |       |     1 |     1 |     1 ||     3
         Scroll            |       |       |       |    14 |       ||    14
 Armour: Robe              |    23 |    32 |    21 |       |       ||    76
         Troll leather arm |       |       |    89 |   275 |    37 ||   401
  Dodge: Dodged            |    36 |    28 |    96 |   200 |    29 ||   389
